 Dungeon Crawl Stone Soup version 0.30-a0-924-g0ad0bf95bc (webtiles) character file.

Game seed: 13785770884669393808

7691 IdlyInterested the Basher (level 11, -14/77 HPs)
             Began as a Demonspawn Gladiator on Mar 22, 2023.
             Was an Elder of Cheibriados.
             Engulfed by a cloud of flame (34 damage)
             ... on level 9 of the Dungeon.
             The game lasted 00:33:35 (9115 turns).

IdlyInterested the Basher (Demonspawn Gladiator)    Turns: 9115, Time: 00:33:36

Health: -14/77     AC: 11    Str: 35    XL:     11   Next: 0%
Magic:  15/15      EV: 18    Int: 24    God:    Cheibriados [****..]
Gold:   254        SH:  5    Dex: 22    Spells: 2/16 levels left

rFire   . . .      SeeInvis .    R - +5 flail (freeze)
rCold   . . .      Faith    .    (no shield)
rNeg    . . .      Spirit   .    N - +0 swamp dragon scales
rPois   +          Reflect  +    (helmet restricted)
rElec   .          Rampage  .    (no cloak)
rCorr   .                        (no gloves)
Will    +....                    s - +0 pair of boots
Stlth   +                        H - amulet of Guro {Reflect rPois Will+ Int+3 Dex-5 SH+5}
HPRegen 0.32/turn                F - +6 ring of strength
MPRegen 0.14/turn                x - ring "Coystrerph" {rPois EV+5 Str+3 Dex+4}

@: very slow
A: horns 1, molten scales 1, icemail 1, condensation shield, demonic magic 3
a: Renounce Religion, Bend Time, Temporal Distortion, Slouch


You were on level 9 of the Dungeon.
You worshipped Cheibriados.
Cheibriados was greatly pleased with you.
You visited 2 branches of the dungeon, and saw 10 of its levels.

You collected 423 gold pieces.
You spent 169 gold pieces at shops.

Inventory:

Hand Weapons
 z - the +8 quarterstaff "Trog's Brutal Revenge" {freeze, rC+ rCorr SInv}
   (You found it on level 4 of the Dungeon)

   rC:        It protects you from cold.
   SInv:      It lets you see invisible.
   rCorr:     It protects you from acid and corrosion.
 R - a +5 flail of freezing (weapon)
 S - a +5 mace
Missiles
 d - 4 throwing nets
 e - 7 javelins
 f - 43 stones
 g - 26 poisoned darts (quivered)
 C - 3 curare-tipped darts
 D - 8 boomerangs
Armour
 h - a +1 robe of positive energy
 i - a +0 plate armour
 s - a +0 pair of boots (worn)
 K - a +0 buckler
 L - the +0 plate armour of Tummi {Contam rC+ Str+4 Int-3}
   (You found it on level 9 of the Dungeon)

   Str:       It affects your strength (+4).
   Int:       It affects your intelligence (-3).
   rC:        It protects you from cold.
   Contam:    It causes magical contamination when unequipped.
 N - +0 swamp dragon scales (worn)
Jewellery
 p - a ring of fire
 u - a ring of see invisible
 x - the ring "Coystrerph" (right hand) {rPois EV+5 Str+3 Dex+4}
   (You found it on level 4 of the Dungeon)

   [ring of evasion]

   EV:        It affects your evasion (+5).
   Str:       It affects your strength (+3).
   Dex:       It affects your dexterity (+4).
   rPois:     It protects you from poison.
 y - a ring of fire
 F - a +6 ring of strength (left hand)
 H - the amulet of Guro (around neck) {Reflect rPois Will+ Int+3 Dex-5 SH+5}
   (You acquired it on level 6 of the Dungeon)

   [amulet of reflection]

   It reflects blocked missile attacks.
   Int:       It affects your intelligence (+3).
   Dex:       It affects your dexterity (-5).
   rPois:     It protects you from poison.
   SH:        It affects your SH (+5).
   Will:      It increases your willpower.
 O - a +5 ring of evasion
Wands
 j - a wand of roots (13)
 I - a wand of polymorph (24)
Scrolls
 a - a scroll of enchant weapon {unknown}
 c - 3 scrolls of fear
 q - a scroll of blinking
 r - 3 scrolls of fog
 v - a scroll of vulnerability
 w - 4 scrolls of amnesia
 E - 3 scrolls of teleportation
 P - a scroll of identify
 Q - a scroll of brand weapon {unknown}
Potions
 b - 4 potions of brilliance
 k - 2 potions of flight
 l - 3 potions of curing
 m - 3 potions of lignification
 n - a potion of cancellation
 o - 2 potions of invisibility
 t - a potion of resistance
 A - 2 potions of heal wounds
 B - 3 potions of ambrosia
 G - 2 potions of magic
 J - a potion of attraction


   Skills:
 - Level 4.0 Fighting
 * Level 13.2 Maces & Flails
 - Level 2.0 Throwing
 - Level 4.0 Armour
 - Level 3.0 Dodging
 - Level 1.0 Stealth
 - Level 3.0 Spellcasting
 - Level 2.0 Conjurations
 - Level 2.0 Hexes
 - Level 3.0 Translocations
 + Level 3.9 Invocations
 - Level 1.0 Evocations


You had 2 spell levels left.
You knew the following spells:

 Your Spells              Type           Power      Damage    Failure   Level
a - Apportation           Tloc           36%        N/A       4%          1
b - Portal Projectile     Hex/Tloc       30%        N/A       16%         3
c - Manifold Assault      Tloc           18%        N/A       38%         4
d - Blink                 Tloc           36%        N/A       6%          2
e - Lesser Beckoning      Tloc           36%        N/A       6%          2
f - Momentum Strike       Conj/Tloc      30%        3d8       8%          2

Your spell library contained the following spells:

 Spells                   Type           Power      Damage    Failure   Level
 Magic Dart               Conj           52%        1d5       6%          1
 Slow                     Hex            52%        N/A       6%          1
 Beastly Appendage        Tmut           6%         N/A       14%         1
 Call Imp                 Summ           3%         N/A       22%         2
 Wereblood                Tmut           3%         N/A       22%         2
 Confusing Touch          Hex            13%        N/A       19%         3
 Mephitic Cloud           Conj/Pois/Air  6%         N/A       32%         3
 Call Canine Familiar     Summ           3%         N/A       38%         3
 Spider Form              Tmut/Pois      3%         N/A       38%         3
 Vampiric Draining        Necr           3%         2d6       38%         3
 Cause Fear               Hex            6%         N/A       52%         4
 Leda's Liquefaction      Hex/Erth       4%         N/A       67%         4
 Animate Armour           Summ/Erth      6%         N/A       80%         4
 Alistair's Intoxication  Tmut/Pois      2%         N/A       98%         5
 Blade Hands              Tmut           1%         N/A       98%         5
 Lee's Rapid Deconstruct  Erth           1%         3d4*      98%         5
 Iron Shot                Conj/Erth      4%         9d2       100%        6
 Statue Form              Tmut/Erth      2%         N/A       100%        6
 Dragon Form              Tmut           1%         N/A       100%        7
 Storm Form               Tmut/Air       1%         N/A       100%        7
 Dragon's Call            Summ           1%         N/A       100%        9


Dungeon Overview and Level Annotations

Branches:
Dungeon (9/15)             Temple (1/1) D:5
   Lair: D:8-11         Orc: D:9-12

Altars:
Ashenzari
Cheibriados
Dithmenos
Fedhas
Gozag
Hepliaklqana
Kikubaaqudgha
Makhleb
Nemelex Xobeh
Okawaru
Qazlal
Ru
Sif Muna
Trog
Uskayaw
Vehumet
Wu Jian
Xom
Yredelemnul

Shops:
D:1 !   D:9 *


Innate Abilities, Weirdness & Mutations

You have a pair of small horns on your head.
You are partially covered in molten scales. (AC +2)
A meltable icy envelope protects you from harm. (AC +0)
A meltable shield of frost defends you. (SH +0)
Spells you cast and wands you use may paralyse nearby enemies.


Message History

The centaur closely misses you. x3; You block the centaur's attack.
You see here a troll corpse.
You thump the centaur! You freeze the centaur. You headbutt the centaur.
The centaur is severely wounded.
The centaur hits you but does no damage.
You block the centaur's attack.
You hit the centaur. You freeze the centaur.
The centaur is severely wounded.
The centaur hits you. You block the centaur's attack.
The centaur hits you but does no damage.
The centaur kicks you but does no damage.
You sock the centaur! You freeze the centaur.
You kill the centaur!
Cheibriados thoroughly appreciates the change of pace.
You have reached level 11!
Your demonic ancestry asserts itself...
Molten scales grow over part of your body.
Found a robe.
Things that are here:
a +0 shortbow; a centaur corpse
Found a radiant altar of Vehumet.
Found a plate armour.
Found a stone staircase leading down.
You now have 254 gold pieces (gained 18).
There is a stone staircase leading down here.
Found Idasch's Demolitions Depot.
Really walk into that cloud of flame?
Okay, then.
Really walk into that cloud of flame?
Okay, then.
You start waiting.
You are engulfed in blazing flames.
Your icy defences dissipate!
You start resting.
You are engulfed in blazing flames.
You start resting.
You are engulfed in blazing flames.
* * * LOW HITPOINT WARNING * * *
You are engulfed in blazing flames.
You die...

..# #..###########
..# #............#
..#
#............###
#...########...##
#...# ##.#..#
#...# ##...#.##
#...# ##..#....#
#...#####...○....#
#.........#.@.#..#
##.#...☼....#
#..#..#..#.#
##.........#
###########


There were no monsters in sight!

Vanquished Creatures
  A two-headed ogre (D:9)
  Joseph (D:7)
  Maggie (D:7)
  A rime drake (D:9)
  2 trolls (D:9)
  A wraith (D:7)
  6 yaks (D:9)
  2 steam dragons
  Duvessa (D:5)
  2 water moccasins
  4 orc warriors
  3 ice beasts
  2 black bears
  A sky beast (D:5)
  2 ogres (D:4)
  A wolf (D:9)
  4 centaurs
  A phantom (D:6)
  3 kobold brigands
  3 bullfrogs
  2 scorpions
  2 gnoll sergeants (D:6)
  5 wights (D:9)
  Dowan (D:5)
  9 killer bees
  2 howler monkeys (D:6)
  6 hounds
  3 jellies
  8 orc priests
  An iguana (D:7)
  A sleepcap (D:6)
  16 orc wizards
  11 gnolls
  7 adders
  A white imp (D:5)
  3 worms
  33 orcs
  4 ball pythons
  6 bats
  10 endoplasms
  3 giant cockroaches
  6 goblins
  3 hobgoblins
  2 jackals (D:1)
  2 quokkas
  2 frilled lizards
  9 kobolds
  7 rats
207 creatures vanquished.

Notes
Turn   | Place    | Note
-------+----------+-------------------------------------------
     0 | D:1      | IdlyInterested the Demonspawn Gladiator began the quest for
                  | the Orb.
     0 | D:1      | Reached XP level 1. HP: 16/16 MP: 1/1
   106 | D:1      | Found Uppebula's Distillery.
   127 | D:1      | You fall into a shaft and drop 1 floor!
   146 | D:2      | Reached skill level 1 in Evocations
   146 | D:2      | Gained mutation: A meltable shield of frost defends you.
                  | (SH +0) [demonic ancestry]
   146 | D:2      | Reached XP level 2. HP: 19/22 MP: 2/2
   317 | D:1      | Reached skill level 3 in Maces & Flails
   366 | D:1      | Reached skill level 1 in Stealth
   683 | D:1      | Reached XP level 3. HP: 27/27 MP: 3/3
  1408 | D:2      | Found a shimmering blue altar of Sif Muna.
  2375 | D:3      | Reached skill level 1 in Armour
  2937 | D:3      | Gained mutation: Spells you cast may paralyse adjacent
                  | enemies. [demonic ancestry]
  2937 | D:3      | Reached XP level 4. HP: 33/33 MP: 4/4
  3208 | D:4      | Noticed an ogre
  3222 | D:4      | Killed an ogre
  3223 | D:4      | Reached skill level 4 in Maces & Flails
  3223 | D:4      | Gained mutation: Spells you cast may paralyse nearby
                  | enemies. [demonic ancestry]
  3223 | D:4      | Reached XP level 5. HP: 10/38 MP: 5/5
  3282 | D:4      | Identified the ring "Coystrerph" {rPois EV+5 Str+3 Dex+4}
  3452 | D:4      | Reached skill level 1 in Spellcasting
  3617 | D:4      | Noticed an ogre
  3624 | D:4      | Killed an ogre
  3625 | D:4      | Reached XP level 6. HP: 44/44 MP: 6/9
  3742 | D:4      | Reached skill level 1 in Translocations
  3788 | D:4      | Identified the +8 quarterstaff "Trog's Brutal Revenge"
                  | {freeze, rC+ rCorr SInv}
  3957 | D:1      | Bought a potion of heal wounds for 65 gold pieces
  3957 | D:1      | Bought a potion of ambrosia for 104 gold pieces
  4049 | D:5      | Entered Level 5 of the Dungeon
  4065 | D:5      | Reached skill level 5 in Maces & Flails
  4202 | D:5      | Gained mutation: You have a pair of small horns on your
                  | head. [demonic ancestry]
  4202 | D:5      | Reached XP level 7. HP: 50/50 MP: 10/10
  4227 | D:5      | Reached skill level 6 in Maces & Flails
  4501 | D:5      | Reached skill level 7 in Maces & Flails
  4704 | D:5      | Gained mutation: A meltable icy envelope protects you from
                  | harm. (AC +0) [demonic ancestry]
  4704 | D:5      | Reached XP level 8. HP: 56/56 MP: 11/11
  4933 | D:5      | Learned a level 1 spell: Apportation
  4937 | D:5      | Learned a level 3 spell: Portal Projectile
  4942 | D:5      | Learned a level 4 spell: Manifold Assault
  4942 | D:5      | Noticed Dowan
  4943 | D:5      | Noticed Duvessa
  4947 | D:5      | Killed Duvessa
  4948 | D:5      | Reached skill level 8 in Maces & Flails
  4950 | D:5      | Killed Dowan
  4984 | D:5      | Found a staircase to the Ecumenical Temple.
  5002 | Temple   | Entered the Ecumenical Temple
  5242 | Temple   | Became a worshipper of Cheibriados the Contemplative
  5592 | D:6      | Identified a scroll of acquirement
  5592 | D:6      | Acquired the amulet of Guro {Reflect rPois Will+ Int+3
                  | Dex-5 SH+5}
  5734 | D:6      | Reached * piety under Cheibriados
  5738 | D:6      | Reached skill level 9 in Maces & Flails
  5779 | D:6      | Gained mutation: Spells you cast and wands you use may
                  | paralyse nearby enemies. [demonic ancestry]
  5779 | D:6      | Reached XP level 9. HP: 33/65 MP: 12/12
  6136 | D:6      | Reached skill level 10 in Maces & Flails
  6577 | D:7      | Reached ** piety under Cheibriados
  6818 | D:7      | Noticed Joseph
  6832 | D:7      | Killed Joseph
  6877 | D:7      | Noticed Maggie
  6890 | D:7      | Killed Maggie
  6891 | D:7      | Reached skill level 11 in Maces & Flails
  7067 | D:7      | Reached skill level 1 in Hexes
  7067 | D:7      | Reached XP level 10. HP: 71/71 MP: 14/14
  7630 | D:8      | Learned a level 2 spell: Blink
  7633 | D:8      | Learned a level 2 spell: Lesser Beckoning
  7636 | D:8      | Learned a level 2 spell: Momentum Strike
  7865 | D:8      | Reached *** piety under Cheibriados
  8020 | D:8      | Identified the +4 quarterstaff "Siushren" {pain, Will-
                  | Int+2 Dex+3}
  8339 | D:9      | Noticed a two-headed ogre
  8419 | D:9      | Reached skill level 1 in Conjurations
  8470 | D:9      | Reached skill level 12 in Maces & Flails
  8739 | D:9      | Reached skill level 1 in Invocations
  8744 | D:9      | Reached **** piety under Cheibriados
  8866 | D:9      | Identified the +0 plate armour of Tummi {Contam rC+ Str+4
                  | Int-3}
  8880 | D:9      | Killed a two-headed ogre
  8881 | D:9      | Reached skill level 13 in Maces & Flails
  8948 | D:9      | Gained mutation: You are partially covered in molten
                  | scales. (AC +2) [demonic ancestry]
  8948 | D:9      | Reached XP level 11. HP: 56/77 MP: 15/15
  9013 | D:9      | Found a radiant altar of Vehumet.
  9058 | D:9      | Found Idasch's Demolitions Depot.
  9115 | D:9      | Engulfed by a cloud of flame

Illustrated notes

Levels and vault maps discovered:
D:1:      roderic_octagonal_star, layout_loops_corners, serial_shops,
          nicolae_shop_behind_doors
D:2:      layout_loops_ring, basic_altar
D:3:      layout_basic
D:4:      layout_basic
D:5:      layout_loops_ring, minmay_temple_entry_nine_rooms, uniq_duvessa
D:6:      layout_loops_ring, minmay_fractal_squares_gapless_5
D:7:      layout_loops_ring, uniq_joseph, uniq_maggie
D:8:      layout_loops_ring
D:9:      layout_small_grid, mainiacjoe_overflow_small_starburst,
          hellmonk_lair_entry_icy, nicolae_blasting_shop,
          kennysheep_just_a_vault
Temple:   mainiacjoe_temple_hex_bubbles

Skill      XL: |  1  2  3  4  5  6  7  8  9 10 |
---------------+-------------------------------+-----
Throwing       | 2 |  2.0
Evocations     | 1 |  1.0
Maces & Flails | 3 4 5 7 9 11 13 | 13.2
Stealth        | 1 |  1.0
Dodging        | 3 |  3.0
Armour         | 1 2 4 |  4.0
Spellcasting   | 2 3 |  3.0
Translocations | 2 3 |  3.0
Fighting       | 4 |  4.0
Hexes          | 1 2 |  2.0
Conjurations   | 2 |  2.0
Invocations    | 3 |  3.9

Action                     |  1- 3 |  4- 6 |  7- 9 | 10-12 || total
---------------------------+-------+-------+-------+-------++-------
  Melee: Flail             |   141 |    50 |       |    37 ||   228
         Punch             |     1 |       |       |       ||     1
         Quarterstaff      |       |    24 |   196 |   112 ||   332
         Headbutt          |       |       |    31 |    34 ||    65
  Throw: Javelin           |     2 |       |       |     1 ||     3
         Stone             |     1 |     1 |     3 |       ||     5
         Dart              |       |    11 |     9 |    10 ||    30
    Use: Scroll            |    11 |     3 |     4 |     1 ||    19
         Potion            |     1 |       |     1 |       ||     2
   Stab: Sleeping          |     5 |       |       |       ||     5
         Confused          |       |       |     1 |       ||     1
         Distracted        |       |       |     1 |       ||     1
 Armour: Leather armour    |    25 |       |       |       ||    25
         Plate armour      |    21 |    48 |    76 |       ||   145
         Swamp dragon scal |       |       |     2 |    24 ||    26
  Dodge: Dodged            |    65 |    48 |   126 |    81 ||   320
  Block: Other             |    22 |    22 |    56 |    58 ||   158
         Reflection        |       |       |     2 |       ||     2

Table legend: (Time is in decaauts)
 A = Elapsed time spent in this place.
 B = Non-inter-level travel time spent in this place.
 C = Inter-level travel time spent in this place.
 D = Time resting spent in this place.
 E = Time spent auto-exploring this place.
 F = Levels seen in this place.
 G = Mean time per level.
                   A        B        C        D        E       F      G
               +--------+--------+--------+--------+--------+-----+--------+
         Total |  10373 |   8645 |   1728 |    773 |   5838 |  10 | 1037.3 |
       Dungeon |  10087 |   8403 |   1684 |    773 |   5610 |   9 | 1120.8 |
        Temple |    285 |    242 |     43 |      0 |    228 |   1 |  285.0 |
               +--------+--------+--------+--------+--------+-----+--------+

Top non-repeatable levels by time:
     D:7: 1426 daAuts
     D:6: 1305 daAuts
     D:1: 1270 daAuts
     D:8: 1183 daAuts
     D:3: 1110 daAuts
     D:5: 1095 daAuts
     D:2: 1074 daAuts
     D:9: 825 daAuts
     D:4: 796 daAuts
  Temple: 285 daAuts
